 Dungeon Crawl Stone Soup version 0.24.1-4-ge52af88ad5 (webtiles) character file.

Game seed: 9471940830421992881, levelgen mode: deterministic

94 Goreval the Slasher (level 4, -3/35 HPs)
             Began as a Barachi Gladiator on Apr 21, 2020.
             Slain by a gnoll
             ... wielding a +0 halberd
              (4 damage)
             ... on level 3 of the Dungeon.
             The game lasted 00:02:54 (2093 turns).

Goreval the Slasher (Barachi Gladiator)             Turns: 2093, Time: 00:02:54

Health: -3/35      AC:  5    Str: 17    XL:     4   Next: 63%
Magic:  4/4        EV: 10    Int:  8    God:
Gold:   52         SH:  0    Dex: 13    Spells: 3/3 levels left

rFire    . . .     SeeInvis .   a - +0 long sword
rCold    . . .     Gourm    .   (no shield)
rNeg     . . .     Faith    .   b - +0 leather armour
rPois    .         Spirit   .   c - +1 helmet
rElec    .         Reflect  .   (no cloak)
rCorr    .         Harm     .   (no gloves)
MR       .....     Rnd*Tele +   (no boots)
Stlth    +.........             (no amulet)
HPRegen  0.11/turn              p - -3 ring of evasion (curse)
MPRegen  0.09/turn              r - ring of teleportation (curse)

@: slow
A: +LOS, swims, slowness 1, strong legs 1
a: Hop


You were on level 3 of the Dungeon.
You were very hungry.

You visited 1 branch of the dungeon, and saw 3 of its levels.

You collected 52 gold pieces.

Inventory:

Hand Weapons
 a - a +0 long sword (weapon)
Missiles
 d - 63 stones (quivered)
 g - 2 throwing nets
Armour
 b - a +0 leather armour (worn)
 c - a +1 helmet (worn)
Jewellery
 p - a cursed -3 ring of evasion (left hand)
 r - a cursed ring of teleportation (right hand)
Scrolls
 e - a scroll of fog
Potions
 h - a potion of agility
 m - a potion of might {unknown}
Comestibles
 f - 7 rations


   Skills:
 + Level 3.5 Fighting
 * Level 5.1 Long Blades
 - Level 2.0 Throwing
 + Level 4.0 Dodging


You had 3 spell levels left.
You didn't know any spells.
Your spell library was empty.

Dungeon Overview and Level Annotations

Branches:
Dungeon (3/15)

Altars:
Ru
Xom


Innate Abilities, Weirdness & Mutations

Shadows flee at your approach. (+LOS)
You can swim through water.
You cover ground slowly.
You can hop short distances.


Message History

You throw a stone.
The stone hits the gnoll but does no damage.
Throwing (i - inventory. (/) - cycle)
d - 65 stones (quivered)
Aim: a gnoll, wielding a +0 halberd You throw a stone.
The stone hits the gnoll but does no damage.
Throwing (i - inventory. (/) - cycle)
d - 64 stones (quivered)
Aim: a gnoll, wielding a +0 halberd You throw a stone.
The stone hits the gnoll.
The gnoll hits you with a +0 halberd!
You hit the gnoll but do no damage. The gnoll hits you with a +0 halberd!
* * * LOW HITPOINT WARNING * * *
You hit the gnoll. You hit the gnoll but do no damage.
The gnoll barely misses you.
You riposte.
You closely miss the gnoll. You hit the gnoll.
The gnoll hits you with a +0 halberd.
* * * LOW HITPOINT WARNING * * *
You hit the gnoll but do no damage. The gnoll closely misses you.
You barely miss the gnoll. The gnoll hits you with a +0 halberd.
You die...

#### #.. #.#
.# #.# ...##
#@# #.#. #
#g# #...
##.##g####
.###.
#...ggK..#
.....
##.##(#....#
?###. #
#.......# #(
(.....(...
#.
#.........#
##
#.......#g.


You could see 4 gnolls and a kobold.

Vanquished Creatures
  Terence (D:2)
  An adder (D:2)
  A worm (D:2)
  A dart slug (D:1)
  3 leopard geckos (D:2)
  8 bats
  7 giant cockroaches
  6 goblins
  5 hobgoblins
  2 jackals (D:2)
  8 kobolds
  A ball python (D:2)
  3 frilled lizards (D:2)
  7 rats
54 creatures vanquished.

Notes
Turn   | Place    | Note
-------+----------+-------------------------------------------
     0 | D:1      | Goreval the Barachi Gladiator began the quest for the Orb.
     0 | D:1      | Reached XP level 1. HP: 17/17 MP: 1/1
   114 | D:1      | Reached skill level 4 in Long Blades
   114 | D:1      | Reached XP level 2. HP: 17/23 MP: 2/2
   724 | D:1      | Reached XP level 3. HP: 18/29 MP: 3/3
  1138 | D:2      | Found a shimmering altar of Xom.
  1342 | D:2      | Reached XP level 4. HP: 35/35 MP: 4/4
  1561 | D:2      | Noticed Terence
  1584 | D:2      | Killed Terence
  1584 | D:2      | Reached skill level 5 in Long Blades
  1788 | D:2      | Found a sacrificial altar of Ru.
  2088 | D:3      | HP: 1/35 [gnoll/+0 halberd (14)]
  2093 | D:3      | Slain by a gnoll

Levels and vault maps discovered:
D:1:      nzn_arrival_water_spiral, layout_loops_ring
D:2:      minmay_wonky_spiral, layout_rooms, nicolae_ru_path_of_blood,
          brannock_xom_greatest_gift, first_ration, st_stairs_13,
          grunt_ministairs_5, uniq_terence
D:3:      layout_loops_ring, chequers_temple_overflow_minitemple

Skill      XL: |  1  2  3  4 |
---------------+-------------+-----
Long Blades    | 4 5 |  5.1
Fighting       | 3 |  3.5
Dodging        | 4 |  4.0
Throwing       | |  2.0

Action                   |  1- 3 |  4- 6 || total
-------------------------+-------+-------++-------
Melee: Long sword        |    90 |    42 ||   132
Throw: Throwing net      |     3 |       ||     3
       Stone             |    34 |    39 ||    73
  Use: Scroll            |       |     8 ||     8
  Eat: Chunk             |     2 |     1 ||     3
Armor: Leather armour    |    34 |     3 ||    37
Dodge: Dodged            |    72 |    25 ||    97
       Rpst.: Long sword |    18 |    10 ||    28
